 Dungeon Crawl Stone Soup version 0.22-a0-833-g8522bf8 (webtiles) character file.

77 Amnesiac the Magician (level 4, 0/30 HPs)
             Began as a Mummy Earth Elementalist on July 25, 2018.
             Slain by a crimson imp (4 damage)
             ... on level 5 of the Dungeon.
             The game lasted 00:02:44 (818 turns).

Amnesiac the Magician (Mummy Earth Elementalist)     Turns: 818, Time: 00:02:45

Health: 0/30       AC:  2    Str: 11    XL:     4   Next: 14%
Magic:  0/9        EV: 12    Int: 15    God:
Gold:   84         SH:  0    Dex: 12    Spells: 0/10 levels left

rFire    x . .     SeeInvis .   g - +0 quarterstaff
rCold    + . .     Gourm    .   (shield currently unavailable)
rNeg     + + +     Faith    .   c - +0 robe
rPois    ∞         Spirit   .   (no helmet)
rElec    .         Reflect  .   (no cloak)
rCorr    .         Harm     .   (no gloves)
MR       .....                  (no boots)
Stlth    ++........             a - amulet of inaccuracy (curse)
HPRegen  0.10/turn              (no ring)
MPRegen  0.11/turn              (no ring)

@: no status effects
A: no food or potions, fire vulnerability, cold resistance 1, negative energy
resistance 3, torment resistance, unbreathing
a: no special abilities


You were on level 5 of the Dungeon.
You were not hungry.

You visited 1 branch of the dungeon, and saw 5 of its levels.

You collected 84 gold pieces.

Inventory:

Hand Weapons
 g - a +0 quarterstaff (weapon)
Missiles
 b - 9 stones (quivered)
Armour
 c - a +0 robe (worn)
 e - a +0 shield
Jewellery
 a - a cursed amulet of inaccuracy (around neck)


   Skills:
 - Level 1.5 Dodging
 - Level 1.5 Stealth
 + Level 3.7 Spellcasting
 - Level 0.7 Transmutations
 * Level 3.7 Earth Magic


You couldn't memorise any spells.
You knew the following spells:

 Your Spells              Type           Power        Failure   Level  Hunger
a - Sandblast             Erth           ##....       4%          1    N/A
b - Passwall              Tmut/Erth      #.......     11%         2    N/A
c - Stone Arrow           Conj/Erth      #.....       26%         3    N/A
e - Petrify               Tmut/Erth      #.......     58%         4    N/A

Your spell library contained the following spells:

 Spells                   Type           Power        Failure   Level  Hunger
 Lee's Rapid Deconstruct  Erth           ##........   73%         5    N/A

Dungeon Overview and Level Annotations

Branches:
Dungeon (5/15)
 Temple: D:4-7

Altars:
Yredelemnul
The Shining One


Innate Abilities, Weirdness & Mutations

You do not eat or drink.
Your flesh is vulnerable to fire.
You are immune to poison.
Your flesh is cold resistant. (rC+)
You are immune to negative energy. (rN+++)
You are immune to unholy pain and torment.
You can survive without breathing.


Message History

Confirm with . or Enter, or press ? or * to list all spells.
You don't have enough magic to cast that spell.
A crimson imp is nearby!
You miss the crimson imp. The crimson imp barely misses you.
Casting: Sandblast (safe; 4% risk of failure)
Confirm with . or Enter, or press ? or * to list all spells.
You don't have enough magic to cast that spell.
A crimson imp is nearby!
You miss the crimson imp.
The crimson imp hits you but does no damage.
The crimson imp hits you.
* * * LOW HITPOINT WARNING * * *
Casting: Sandblast (safe; 4% risk of failure)
Confirm with . or Enter, or press ? or * to list all spells.
Aiming: Sandblast (safe; 4% risk of failure)
Press: ? - help, Shift-Dir - straight line, f/p - crimson imp
Aim: a crimson imp The blast of sand hits the crimson imp.
The crimson imp is heavily wounded.
b - 9 stones The crimson imp hits you.
* * * LOW HITPOINT WARNING * * *
A crimson imp is nearby!
You miss the crimson imp.
The crimson imp is moderately wounded.
The crimson imp closely misses you.
Casting: Sandblast (safe; 4% risk of failure)
Confirm with . or Enter, or press ? or * to list all spells.
You don't have enough magic to cast that spell.
A crimson imp is nearby!
You closely miss the crimson imp.
The crimson imp is moderately wounded.
The crimson imp blinks!
Casting: Sandblast (safe; 4% risk of failure)
Confirm with . or Enter, or press ? or * to list all spells.
You don't have enough magic to cast that spell.
A crimson imp is nearby!
The crimson imp hits you but does no damage.
Casting: Sandblast (safe; 4% risk of failure)
Confirm with . or Enter, or press ? or * to list all spells.
You don't have enough magic to cast that spell.
A crimson imp is nearby!
You miss the crimson imp.
The crimson imp is lightly wounded.
The crimson imp hits you.
* * * LOW HITPOINT WARNING * * *
The crimson imp misses you.
Casting: Sandblast (safe; 4% risk of failure)
Confirm with . or Enter, or press ? or * to list all spells.
You don't have enough magic to cast that spell.
A crimson imp is nearby!
You are too injured to fight recklessly!
Casting: Sandblast (safe; 4% risk of failure)
Confirm with . or Enter, or press ? or * to list all spells.
You don't have enough magic to cast that spell.
A crimson imp is nearby!
You are too injured to fight recklessly!
Casting: Sandblast (safe; 4% risk of failure)
Confirm with . or Enter, or press ? or * to list all spells.
You don't have enough magic to cast that spell.
You barely miss the crimson imp. The crimson imp hits you.
* * * LOW HITPOINT WARNING * * *
You barely miss the crimson imp. The crimson imp hits you.
You die...

... ### #.# .# ..
#.# .# #. #.# .#
##.####.##.##
............###
#...........#
#..##.....#.##
#......@.....#
#..##..#5##..).
#..##....# ##
#..#...### ...
#..#...# ..#
#..#...###...#
#..#.........#
####>.....<.....#
#.....#...#####.#


You could see a crimson imp.

Vanquished Creatures
  A howler monkey (D:4)
  An adder (D:2)
  A worm (D:4)
  A dart slug (D:1)
  A leopard gecko (D:1)
  4 orcs
  A ball python (D:3)
  2 bats (D:1)
  2 goblins (D:1)
  2 hobgoblins
  A kobold (D:1)
  A frilled lizard (D:2)
  2 rats (D:3)
20 creatures vanquished.

Notes
Turn   | Place    | Note
-------+----------+-------------------------------------------
     0 | D:1      | Amnesiac the Mummy Earth Elementalist began the quest for the Orb.
     0 | D:1      | Reached XP level 1. HP: 13/13 MP: 4/4
   134 | D:1      | Reached XP level 2. HP: 16/19 MP: 1/5
   168 | D:1      | Learned a level 2 spell: Passwall
   197 | D:1      | Found a glowing golden altar of the Shining One.
   352 | D:3      | Reached XP level 3. HP: 22/24 MP: 2/7
   514 | D:4      | Noticed a two-headed ogre
   557 | D:3      | Found a basalt altar of Yredelemnul.
   682 | D:4      | Learned a level 3 spell: Stone Arrow
   697 | D:4      | Reached XP level 4. HP: 23/30 MP: 4/9
   713 | D:4      | Learned a level 4 spell: Petrify
   771 | D:5      | Entered Level 5 of the Dungeon
   818 | D:5      | Slain by a crimson imp

Vault maps used:
D:1:      eino_arrival_water_star, tso_metal_star
D:2:      minmay_door_path, nicolae_gozag_cash_rules_everything_around_me,
          led_sif_pool, lemuel_coloured_pillars_altar, minmay_misc_feat_hallway,
          minmay_crystal_room, minmay_tromino_v7
D:3:      yredelemnul_altar_generic, minmay_misc_feat_more_columns,
          kennysheep_generic_room_2
D:4:      kennysheep_mini, old_standard_altar, temple_hall, serial_shops, shop,
          uniq_menkaure, uniq_robin, uniq_duvessa
D:5:      nicolae_overflow_crystal_walls, first_ration, uniq_crazy_yiuf_cottage

Skill      XL: |  1  2 |
---------------+-------+-----
Spellcasting   | 3 |  3.7
Earth Magic    | 3 |  3.7
Dodging        | |  1.5
Stealth        | |  1.5
Transmutations | |  0.7

Action                   |  1- 3 |  4- 6 || total
-------------------------+-------+-------++-------
Melee: Quarterstaff      |     4 |    15 ||    19
       Mace              |     1 |       ||     1
 Cast: Sandblast         |    32 |    12 ||    44
  Use: Scroll            |     2 |       ||     2
 Stab: Sleeping          |     1 |       ||     1
Armor: Robe              |     6 |     6 ||    12
Dodge: Dodged            |    16 |    10 ||    26

Table legend:
 A = Spawn XP
 B = Non-spawn XP
 C = Spawn XP percentage of total XP
 D = Spawn monster count
 E = Non-spawn monster count
 F = Spawn count percentage of total count
 G = Total turns spent on level
                    A         B        C        D         E        F      G
               +---------+---------+-------+---------+---------+-------+---------
         Total |       0 |     111 |   0.0 |       0 |      20 |   0.0 |   818
               +---------+---------+-------+---------+---------+-------+---------
           D:1 |       0 |      19 |   0.0 |       0 |       8 |   0.0 |   265
           D:2 |       0 |      18 |   0.0 |       0 |       3 |   0.0 |   187
           D:3 |       0 |      15 |   0.0 |       0 |       7 |   0.0 |   155
           D:4 |       0 |      59 |   0.0 |       0 |       2 |   0.0 |   164
               +---------+---------+-------+---------+---------+-------+---------
